cohdb
Replays
Latest Replays
All Replays
Popular Replays
Top Player Replays
Match Explorer
How It Works
Community
CoH3 Stats
Reddit
Sign in to upload your games and track your stats! →
Sign in with Steam
Match 45221250
Unlisted
Match 45221250
Overview
Messages
Build Orders
End
Kradschützen Motorcycle Team
Selects Panzerjäger Kommand Battlegroup
Selects Mine Fields
Panzergrenadier Squad
250 Light Carrier
Construct Light Support Kompanie
Panzergrenadier Squad
Selects GrB 39 Grenade Launcher Requisition
Fire Support Elements
MG34 Team
Pak 38 Mechanized Group
Combat Half-tracks
Construct Mechanized Kompanie
8 Rad Armored Car
Selects Crew Shock Tactics
Panzerpioneer Squad
2.5-tonne Medical Truck
Vehicle Survival Package
Marder III Tank Destroyer
254 Reconnaissance Tractor
Selects Defensive Positions
Construct Panzerarmee Kommand
Tungsten Core Ammunition
Flakvierling Half-track
Panzergrenadier Squad
Panzer III L Medium Tank
Veteran Squad Leaders
Selects Elefant Tank Destroyer
Elefant Tank Destroyer
Kpen
大笨象
李小凡
GetSlaped
0
0
Comments
sign in to comment!
No comments posted yet!